 Dungeon Crawl Stone Soup version 0.30.0-30-g96aa6591b8 (webtiles) character file.

Game seed: 1983311295788711485

76 zeram the Trooper (level 4, -2/41 HPs)
             Began as a Hill Orc Fighter on July 1, 2023.
             Slain by a gnoll
             ... wielding a +0 spear
              (7 damage)
             ... on level 2 of the Dungeon.
             The game lasted 00:02:12 (1200 turns).

zeram the Trooper (Hill Orc Fighter)                Turns: 1200, Time: 00:02:13

Health: -2/41      AC:  6    Str: 20    XL:     4   Next: 32%
Magic:  4/4        EV:  9    Int:  8    God:
Gold:   164        SH:  4    Dex: 10    Spells: 3/3 levels left

rFire   . . .        a - +0 war axe
rCold   . . .        c - +0 buckler
rNeg    . . .        b - +0 scale mail
rPois   .            (no helmet)
rElec   .            (no cloak)
rCorr   .            (no gloves)
SInv    .            (no boots)
Will    .....        (no amulet) Stlth
                     (no ring)
HPRegen 0.26/turn    (no ring)
MPRegen 0.09/turn

%: no passive effects
@: mighty
A: no striking features
a: no special abilities


You were on level 2 of the Dungeon.
You visited 1 branch of the dungeon, and saw 2 of its levels.

You collected 164 gold pieces.

Inventory:

Hand Weapons
 a - a +0 war axe (weapon)
Armour
 b - a +0 scale mail (worn)
 c - a +0 buckler (worn)
Potions
 e - 2 potions of berserk rage {unknown}
 f - a potion of flight {unknown}
 g - a potion of attraction
 i - a potion of magic {unknown}
 j - a potion of haste {unknown}


   Skills:
 + Level 4.4 Fighting
 + Level 4.2 Axes
 + Level 3.6 Armour
 + Level 0.3 Dodging
 + Level 3.6 Shields


You had 3 spell levels left.
You didn't know any spells.
Your spell library was empty.

Dungeon Overview and Level Annotations

Branches:
Dungeon (2/15)

Altars:

Shops:
D:2 *


Message History

You become entangled in the net!
The gnoll barely misses you.
You are held in a net!
You are held in a net!
You are held in a net!
Unknown command.
You feel very mighty all of a sudden. The gnoll hits you but does no damage.
The gnoll hits you with a +0 whip.
You tear a large gash into the net.
The gnoll hits you from afar with a +0 spear.
The gnoll hits you with a +0 whip.
Unknown command.
You struggle against the net.
The gnoll barely misses you.
The gnoll hits you from afar with a +0 spear.
Unknown command.
You shred the net and break free! The gnoll closely misses you.
The gnoll barely misses you.
Unknown command.
You slash the gnoll!
You kill the gnoll!
The gnoll closely misses you. x2
Unknown command.
The gnoll closely misses you.
Things that are here:
a +0 whip; 12 gold pieces; a gnoll corpse You barely miss the gnoll.
The gnoll barely misses you.
You slash the gnoll!
The gnoll is severely wounded.
You block the gnoll's attack.
You closely miss the gnoll.
The gnoll is heavily wounded.
The gnoll hits you with a +0 spear!
* * * LOW HITPOINT WARNING * * *
The gnoll hits you with a +0 spear.
* * * LOW HITPOINT WARNING * * *
Unknown command.
You barely miss the gnoll.
The gnoll is heavily wounded.
Your butterfly disappears in a burst of colours!
The gnoll hits you with a +0 spear!
You die...

#...........bbb###########.......
#####...#b.b..b...............#..
# #..##..[..b############.#....
...##....b.#### ####..####.
...#######b.†.#####......##..
..... ####bbb.b.b†....##.. .#.#.#
# #######......##.. ###.#.. #.$
########......##..
..$∩$#@)...............
..$.gbg.................
.....#################.. #### #..
#.. ###


You could see 2 gnolls and a bat.

Vanquished Creatures
  2 gnolls (D:2)
  An adder (D:2)
  2 worms (D:2)
  5 endoplasms (D:1)
  2 giant cockroaches
  3 hobgoblins
  3 jackals (D:1)
  A quokka (D:1)
  3 ball pythons (D:2)
  6 bats
  4 frilled lizards (D:1)
  4 goblins
  3 kobolds
  3 rats (D:1)
42 creatures vanquished.

Notes
Turn   | Place    | Note
-------+----------+-------------------------------------------
     0 | D:1      | zeram the Hill Orc Fighter began the quest for the Orb.
     0 | D:1      | Reached XP level 1. HP: 19/19 MP: 1/1
    77 | D:1      | Reached XP level 2. HP: 27/27 MP: 2/2
   432 | D:1      | Reached XP level 3. HP: 29/33 MP: 3/3
   783 | D:1      | Found a faded altar of an unknown god.
  1184 | D:2      | Found Taokoq's Assorted Antiques.
  1190 | D:2      | Reached XP level 4. HP: 30/41 MP: 4/4
  1200 | D:2      | Slain by a gnoll

Illustrated notes

Levels and vault maps discovered:
D:1:      scummos_arrival_simple_crosswalls, layout_basic,
          shapermc_ecumenical_altar_hornbeckon, kennysheep_another_room
D:2:      layout_rooms, serial_shops, shop_coins

Skill      XL: |  1  2  3 |
---------------+----------+-----
Fighting       | 4 |  4.4
Axes           | 3 4 |  4.2
Armour         | |  3.6
Dodging        | |  0.3
Shields        | |  3.6

Action                     |  1- 3 |  4- 6 || total
---------------------------+-------+-------++-------
  Melee: War axe           |   113 |     6 ||   119
    Use: Scroll            |     4 |       ||     4
         Potion            |       |     1 ||     1
 Armour: Scale mail        |    68 |     1 ||    69
  Dodge: Dodged            |    72 |     8 ||    80
  Block: Buckler           |    27 |     1 ||    28
